 Dungeon Crawl Stone Soup version 0.31-a0-321-g19405a7a6a (webtiles) character file.

Game seed: 2095017188951861510

89 Monkooky the Ruffian (level 4, 0/54 HPs)
             Began as a Demigod Shapeshifter on July 17, 2023.
             Slain by a gnoll
             ... wielding a +0 flail
              (5 damage)
             ... on level 3 of the Dungeon.
             The game lasted 00:01:49 (1955 turns).

Monkooky the Ruffian (Demigod Shapeshifter)         Turns: 1955, Time: 00:01:50

Health: 0/54       AC: 26    Str: 20    XL:     4   Next: 10%
Magic:  6/6        EV:  2    Int: 10    God:
Gold:   134        SH:  0    Dex: 14    Spells: 3/3 levels left

rFire   . .          .
                       - Unarmed
rCold   . . .        (no shield)
rNeg    . . .        k - melded +2 robe {rC+}
rPois   +            (helmet currently unavailable)
rElec   .            (cloak currently unavailable)
rCorr   .            (gloves currently unavailable)
SInv    .            (boots currently unavailable)
Will    .....        (no amulet)
Stlth   +            e - +4 ring of protection
HPRegen 0.29/turn    (no ring)
MPRegen 0.10/turn

%: no passive effects
@: mighty, tree-form, attractive
A: stationary, stasis, torment immunity, boosted hp, high MP 1, forlorn, divine
attributes
a: no special abilities


You were on level 3 of the Dungeon.
You were a tree.
You visited 1 branch of the dungeon, and saw 4 of its levels.

You collected 134 gold pieces.

Inventory:

Armour
 a - a +0 animal skin
 k - a +2 robe of cold resistance (melded)
Jewellery
 e - a +4 ring of protection (left branch)
Talismans
 c - a beast talisman
Scrolls
 f - a scroll of identify {unknown}
 h - 3 scrolls of teleportation {unknown}
 l - a scroll of blinking {unknown}
Potions
 d - a potion of attraction
 j - a potion of brilliance {unknown}


   Skills:
 - Level 1.8 Fighting
 - Level 1.8 Dodging
 + Level 4.1 Unarmed Combat
 - Level 2.7 Shapeshifting


You had 3 spell levels left.
You didn't know any spells.
Your spell library contained the following spells:

 Spells                   Type           Power      Damage    Failure   Level
 Apportation              Tloc           0%         N/A       36%         1
 Slow                     Hex            0%         N/A       36%         1
 Confusing Touch          Hex            0%         N/A       75%         3
 Vampiric Draining        Necr           0%         2d6       75%         3
 Alistair's Intoxication  Tmut/Pois      0%         N/A       100%        5


Dungeon Overview and Level Annotations

Branches:
Dungeon (4/15)             Temple (0/1) D:4


Innate Abilities, Weirdness & Mutations

You are a tree.
Your roots penetrate the ground, keeping you stationary.
You cannot be teleported.
You are immune to unholy pain and torment.
Your maximum health is greatly increased.
Your equipment is partially melded.
You have an increased reservoir of magic. (+10% MP)
You shall have no god before yourself.
Your divine heritage dramatically boosts your attributes as you level up.


Message History

It was a potion of attraction.
You feel attractive to monsters. The gnoll hits you but does no damage.
The gnoll completely misses you. The gnoll hits you but does no damage.
The worm is attracted toward you.
It was a potion of curing.
You feel better.
The gnoll hits you but does no damage. x4; The worm is attracted toward you.
You hit the gnoll.
The gnoll is moderately wounded.
You hit the gnoll but do no damage. You punch the gnoll.
The gnoll is severely wounded.
The gnoll hits you but does no damage. The gnoll completely misses you.
The gnoll hits you with a +0 flail.
* * * LOW HITPOINT WARNING * * *
The gnoll hits you with a +0 halberd.
* * * LOW HITPOINT WARNING * * *
The worm bites you but does no damage.
You barely miss the gnoll.
The gnoll is severely wounded.
The gnoll hits you but does no damage. The gnoll barely misses you. x2
The gnoll hits you but does no damage.
You hit the gnoll but do no damage.
The gnoll is severely wounded.
The gnoll hits you but does no damage. The gnoll hits you with a +0 whip.
* * * LOW HITPOINT WARNING * * *
The gnoll hits you but does no damage. x2; The worm barely misses you.
Unknown command.
You hit the gnoll but do no damage.
The gnoll is severely wounded.
The gnoll barely misses you.
The gnoll hits you but does no damage. x3
You hit the gnoll.
The gnoll is almost dead.
The gnoll hits you but does no damage. The gnoll hits you with a +0 flail.
* * * LOW HITPOINT WARNING * * *
The gnoll hits you but does no damage. x2
The worm bites you but does no damage.
Unknown command.
It was a potion of might.
You feel very mighty all of a sudden. The gnoll hits you with a +0 flail.
You die...

#.# #=.....##.....#
#.# #....###.#.#.##
#<###.##.##.......##
#..........#.#.#.#.#
#####.##.##>.......#
..##...#.#.#.#.####
♣.♣##..#...........#
...##..##g#.#)#.##..
#♣.♣.....Sg♣w...<#
#..##...#g#g#.#.# ♣.
##>#........#
#..#.#.#.#.#
#.#........# #.
#.#.#.#.# #
.......... #.#.#
#.##


You could see a worm, 4 gnolls and a ball python.

Vanquished Creatures
  A sleepcap (D:4)
  2 adders
  4 dart slugs
  3 ball pythons (D:2)
  3 endoplasms
  3 giant cockroaches
  A goblin (D:1)
  4 hobgoblins
  7 kobolds
  3 bats
  2 frilled lizards
  4 rats
37 creatures vanquished.

Notes
Turn   | Place    | Note
-------+----------+-------------------------------------------
     0 | D:1      | Monkooky the Demigod Shapeshifter began the quest for the
                  | Orb.
     0 | D:1      | Reached XP level 1. HP: 17/17 MP: 3/3
   147 | D:1      | Reached skill level 2 in Unarmed Combat
   361 | D:1      | Reached XP level 2. HP: 24/24 MP: 4/4
   716 | D:2      | Reached skill level 3 in Unarmed Combat
   716 | D:2      | Reached XP level 3. HP: 22/29 MP: 5/5
  1787 | D:3      | You fall into a shaft and drop 1 floor!
  1787 | D:4      | Found a staircase to the Ecumenical Temple.
  1924 | D:4      | Reached skill level 4 in Unarmed Combat
  1924 | D:4      | Reached XP level 4. HP: 35/36 MP: 6/6
  1955 | D:3      | Slain by a gnoll

Illustrated notes

Levels and vault maps discovered:
D:1:      onia_arrival_mini_spirals, layout_loops_ring, nicolae_the_louvre
D:2:      layout_basic, kennysheep_cross_room
D:3:      layout_loops_cross, regret_index_temple_of_mockery, serial_forest,
          infiniplex_forest_straight_4, infiniplex_forest_lined_corner,
          infiniplex_forest_lined_3, infiniplex_forest_clump_curved,
          infiniplex_forest_lined_room_, infiniplex_forest_end_2, st_stairs_12,
          grunt_ministairs_8, minivault_4, lightli_corner_chamber
D:4:      layout_rooms, mainiacjoe_overflow_catwalk,
          gammafunk_temple_overflow_pools, minmay_temple_entry_wispy,
          serial_shops, nicolae_stop_n_shop_2, dreamdust_wishing_well,
          amcnicky_mini_rare_corridor_liquid, corner_web_ring

Skill      XL: |  1  2  3 |
---------------+----------+-----
Unarmed Combat | 2 3 4 |  4.1
Fighting       | |  1.8
Dodging        | |  1.8
Shapeshifting  | |  2.7

Action                     |  1- 3 |  4- 6 || total
---------------------------+-------+-------++-------
  Melee: Unarmed           |   117 |    14 ||   131
         Punch             |     1 |     1 ||     2
    Use: Potion            |       |     4 ||     4
   Stab: Sleeping          |     2 |       ||     2
 Armour: Animal skin       |    25 |       ||    25
         Robe              |    11 |     1 ||    12
         Skin              |       |    22 ||    22
  Dodge: Dodged            |    75 |    15 ||    90

Table legend: (Time is in decaauts)
 A = Elapsed time spent in this place.
 B = Non-inter-level travel time spent in this place.
 C = Inter-level travel time spent in this place.
 D = Time resting spent in this place.
 E = Time spent auto-exploring this place.
 F = Levels seen in this place.
 G = Mean time per level.
                   A        B        C        D        E       F      G
               +--------+--------+--------+--------+--------+-----+--------+
         Total |   1947 |   1913 |     34 |      0 |   1620 |   4 |  486.8 |
       Dungeon |   1947 |   1913 |     34 |      0 |   1620 |   4 |  486.8 |
               +--------+--------+--------+--------+--------+-----+--------+

Top non-repeatable levels by time:
     D:2: 1140 daAuts
     D:1: 634 daAuts
     D:4: 143 daAuts
     D:3: 28 daAuts
